 Dungeon Crawl Stone Soup version 0.29.1-1-gd02db6906a (webtiles) character file.

Game seed: 12346791500558773194

513 cattimeplz the Fighter (level 7, -5/69 HPs)
             Began as a White Draconian Berserker on Sept 21, 2022.
             Was a Believer of Trog.
             Slain by an ogre
             ... wielding a +0 giant spiked club
              (23 damage)
             ... on level 4 of the Dungeon.
             The game lasted 00:04:54 (4108 turns).

cattimeplz the Fighter (White Draconian Berserker)  Turns: 4108, Time: 00:04:55

Health: -5/69      AC:  6    Str: 21    XL:     7   Next: 0%
Magic:  7/7        EV: 12    Int:  7    God:    Trog [**....]
Gold:   171        SH:  0    Dex: 11    Spells: 6/6 levels left

rFire   . . .      SeeInvis .   a - +0 spear
rCold   + + .      Faith    .   (no shield)
rNeg    + . .      Spirit   .   (body armour unavailable)
rPois   .          Reflect  .   (helmet restricted)
rElec   .          Harm     .   (no cloak)
rCorr   .          Rampage  .   (no gloves)
Will    .....                   (no boots)
Stlth   +.........              (no amulet)
HPRegen 0.21/turn               d - ring of protection from cold
MPRegen 0.10/turn               i - ring of positive energy

@: no status effects
A: breathe frost, AC +6, unfitting armour, cold resistance 1, cold-blooded
a: Breathe Frost, Renounce Religion, Berserk, Trog's Hand


You were on level 4 of the Dungeon.
You worshipped Trog.
Trog was pleased with you.
You visited 1 branch of the dungeon, and saw 4 of its levels.
You also visited: Sewer.

You collected 171 gold pieces.

Inventory:

Hand Weapons
 a - a +0 spear (weapon)
Jewellery
 d - a ring of protection from cold (left hand)
 i - a ring of positive energy (right hand)
Scrolls
 c - 3 scrolls of teleportation {unknown}
 e - 2 scrolls of identify {unknown}
 f - a scroll of brand weapon {unknown}
 h - 2 scrolls of enchant weapon {unknown}
 j - a scroll of acquirement {unknown}
 k - a scroll of summoning {unknown}
 n - a scroll of fear {unknown}
 o - a scroll of immolation {unknown}
 s - a scroll of amnesia {unknown}
Potions
 b - a potion of ambrosia {unknown}
 g - 3 potions of curing {unknown}
 l - 2 potions of haste {unknown}
 m - a potion of magic {unknown}
 p - 2 potions of heal wounds {unknown}
 q - a potion of mutation {unknown}
 r - a potion of brilliance {unknown}


   Skills:
 + Level 8.8 Fighting
 - Level 3.0 Polearms
 - Level 2.6 Dodging


You had 6 spell levels left.
You didn't know any spells.
Your spell library was empty.

Dungeon Overview and Level Annotations

Branches:
Dungeon (4/15)              Sewer (visited)
 Temple: D:4-7

Altars:
Hepliaklqana


Innate Abilities, Weirdness & Mutations

You can breathe waves of freezing cold which knock back foes.
Your icy white scales are hard. (AC +6)
You cannot fit into any form of body armour.
Your flesh is cold resistant. (rC+)
You are cold-blooded and may be slowed by cold attacks.


Message History

You hit the hound. You tail-slap the hound.
The hound is almost dead.
The hound barely misses you. The hound bites you but does no damage.
You hit the hound.
You kill the hound!
Trog accepts your kill. The ogre closely misses you.
You have reached level 7!
Your scales start taking on an icy white colour.
You learn Fire Magic much slower.
You learn Ice Magic much quicker.
You can breathe waves of freezing cold which knock back foes.
You feel resistant to cold.
Your library has no spells.
You barely miss the ogre. You hit the ogre.
The ogre is moderately wounded.
The ogre hits you with a +0 giant spiked club!!
You are too injured to fight recklessly!
Nothing quivered!
Okay, then.
Unknown command.
An ogre is nearby!
There's nothing to open nearby.
An ogre is nearby!
You are now empty-handed.
a - a +0 spear (weapon)
You don't know any spells.
You hit the ogre.
The ogre is heavily wounded.
The ogre hits you with a +0 giant spiked club!
* * * LOW HITPOINT WARNING * * *
You hit the ogre. You tail-slap the ogre.
The ogre is severely wounded.
The ogre completely misses you.
You hit the ogre.
The ogre is severely wounded.
You hit the ogre.
The ogre is almost dead.
The ogre hits you with a +0 giant spiked club!!
You die...

#.## .... #....
########+##.
#.....#..........#
#.....#........).#
#.....#..........#
..................
#.†O@..).....#
######..........#
.............####
######†####.....
#.# .....
####'####.....
#.............
#.......#### #
#.......#


You could see an ogre.

Vanquished Creatures
  Grinder (D:4)
  A kobold brigand (Sewer)
  A scorpion (D:3)
  A hound (D:4)
  5 adders
  2 river rats (Sewer)
  A worm (Sewer)
  A dart slug (D:1)
  An orc (D:2)
  5 ball pythons
  A bat (D:1)
  9 endoplasms
  6 giant cockroaches
  3 goblins
  5 hobgoblins
  10 kobolds
  4 quokkas
  2 frilled lizards
  10 rats
69 creatures vanquished.

Notes
Turn   | Place    | Note
-------+----------+-------------------------------------------
     0 | D:1      | cattimeplz the Draconian Berserker began the quest for the
                  | Orb.
     0 | D:1      | Reached XP level 1. HP: 19/19 MP: 1/1
   432 | D:1      | Reached XP level 2. HP: 27/27 MP: 2/2
   468 | D:1      | Reached skill level 4 in Fighting
  1110 | D:2      | Found a hazy altar of Hepliaklqana.
  1449 | D:2      | Reached XP level 3. HP: 22/34 MP: 3/3
  1836 | D:3      | Reached skill level 5 in Fighting
  1948 | D:3      | Found a glowing drain.
  1968 | D:3      | Reached ** piety under Trog
  1970 | Sewer    | Entered a sewer
  1972 | Sewer    | Noticed a kobold brigand
  1998 | Sewer    | Killed a kobold brigand
  1999 | Sewer    | Reached skill level 6 in Fighting
  1999 | Sewer    | Reached XP level 4. HP: 3/44 MP: 4/4
  2408 | Sewer    | Reached XP level 5. HP: 43/51 MP: 5/5
  3159 | D:3      | Reached skill level 7 in Fighting
  3456 | D:3      | Identified the +8 short sword of Giebuh {spect, rElec
                  | Int+4}
  3664 | D:4      | Noticed Grinder
  3679 | D:4      | Paralysed by Grinder for 4 turns
  3688 | D:4      | Paralysed by Grinder for 2 turns
  3698 | D:4      | Paralysed by Grinder for 3 turns
  3705 | D:4      | Paralysed by Grinder for 4 turns
  3713 | D:4      | Killed Grinder
  3714 | D:4      | Reached skill level 8 in Fighting
  3714 | D:4      | Reached XP level 6. HP: 20/62 MP: 6/6
  4100 | D:4      | Your scales start taking on an icy white colour.
  4100 | D:4      | Reached XP level 7. HP: 65/69 MP: 7/7
  4100 | D:4      | Gained mutation: Your flesh is cold resistant. (rC+) [White
                  | Draconian growth]
  4108 | D:4      | Slain by an ogre

Illustrated notes

Levels and vault maps discovered:
D:1:      kilobyte_arrival_exit_the_forest, layout_basic
D:2:      layout_basic, basic_altar
D:3:      layout_loops_ring, gup_sewer_entry_pipe
D:4:      layout_basic, grunt_temple_overflow_gold_and_silver,
          minmay_temple_entry_proselytizer, kennysheep_cross_bottleneck,
          uniq_grinder

Skill      XL: |  1  2  3  4  5 |
---------------+----------------+-----
Fighting       | 4 6 8 |  8.8
Polearms       | |  3.0
Dodging        | |  2.6

Action                   |  1- 3 |  4- 6 |  7- 9 || total
-------------------------+-------+-------+-------++-------
Melee: Spear             |   173 |   177 |     6 ||   356
       Tailslap          |    11 |    20 |     1 ||    32
       Punch             |       |     2 |       ||     2
 Stab: Sleeping          |       |     1 |       ||     1
Armor: Skin              |    36 |    31 |       ||    67
Dodge: Dodged            |    52 |    74 |     1 ||   127
